 Dungeon Crawl Stone Soup version 0.28.0 (webtiles) character file.

Game seed: 8677902076806870839

53 HallandMoats the Skirmisher (level 3, 0/29 HPs)
             Began as a Demonspawn Fighter on Feb 7, 2022.
             Was a Believer of Wu Jian.
             Slain by a gnoll (3 damage)
             ... on level 2 of the Dungeon.
             The game lasted 00:01:08 (958 turns).

HallandMoats the Skirmisher (Demonspawn Fighter)     Turns: 958, Time: 00:01:08

Health: 0/29       AC:  6    Str: 18    XL:     3   Next: 62%
Magic:  3/3        EV:  9    Int:  9    God:    Wu Jian [**....]
Gold:   41         SH:  4    Dex: 12    Spells: 2/2 levels left

rFire   . . .      SeeInvis .   a - +0 war axe
rCold   . . .      Faith    .   c - +0 buckler
rNeg    . . .      Spirit   .   b - +0 scale mail
rPois   .          Reflect  .   (helmet restricted)
rElec   .          Harm     .   (no cloak)
rCorr   .          Rampage  .   (no gloves)
Will    .....                   (no boots)
Stlth   ..........              (no amulet)
HPRegen 0.09/turn               (no ring)
MPRegen 0.08/turn               (no ring)

@: no status effects
A: horns 1
a: Renounce Religion, Wall Jump


You were on level 2 of the Dungeon.
You worshipped Wu Jian.
Wu Jian was pleased with you.
You visited 1 branch of the dungeon, and saw 2 of its levels.

You collected 41 gold pieces.

Inventory:

Hand Weapons
 a - a +0 war axe (weapon)
Armour
 b - a +0 scale mail (worn)
 c - a +0 buckler (worn)
Jewellery
 e - an amulet of regeneration
 f - a ring of fire
 j - a +6 ring of strength
Scrolls
 g - a scroll of vulnerability {unknown}
 h - a scroll of noise {unknown}
 i - a scroll of teleportation {unknown}
Potions
 d - a potion of might


   Skills:
 + Level 3.3 Fighting
 + Level 2.2 Axes
 + Level 3.1 Armour
 + Level 1.1 Dodging
 + Level 3.0 Shields


You had 2 spell levels left.
You didn't know any spells.
Your spell library contained the following spells:

 Spells                   Type           Power      Damage    Failure   Level
 Animate Dead             Necr           0%         N/A       100%        4
 Haunt                    Necr/Summ      0%         N/A       100%        7
 Infestation              Necr           0%         N/A       100%        8


Dungeon Overview and Level Annotations

Branches:
Dungeon (2/15)

Altars:
Wu Jian


Innate Abilities, Weirdness & Mutations

You have a pair of small horns on your head.


Message History

A gnoll comes into view. It is wielding a +0 halberd.
The gnoll closely misses you.
Things that are here:
a +0 spear; a gnoll corpse You lunge at the gnoll.
You slash the gnoll!
The gnoll is severely wounded.
You block the gnoll's attack.
The gnoll hits you from afar with a +0 halberd.
You are too injured to fight recklessly!
You are too injured to fight recklessly!
You are too injured to fight recklessly!
You are too injured to fight recklessly!
You are too injured to fight recklessly!
You are too injured to fight recklessly!
You are too injured to fight recklessly!
You are too injured to fight recklessly!
You are too injured to fight recklessly!
You are too injured to fight recklessly!
You are too injured to fight recklessly!
There are monsters nearby!
There are monsters nearby!
There are monsters nearby!
You spin to attack the gnoll, but your attack speed is too slow for a blow to land.
The gnoll hits you with a +0 spear. The gnoll barely misses you.
You slash the gnoll!
The gnoll is severely wounded.
You hit the gnoll but do no damage. The gnoll hits you with a +0 spear.
* * * LOW HITPOINT WARNING * * *
The gnoll barely misses you. The gnoll hits you with a +0 spear.
* * * LOW HITPOINT WARNING * * *
You hit the gnoll.
The gnoll is almost dead.
You barely miss the gnoll. The gnoll barely misses you. x2
The gnoll hits you with a +0 halberd.
* * * LOW HITPOINT WARNING * * *
You slash the gnoll!
You kill the gnoll!
The Council accepts your kill.
You closely miss the gnoll. The gnoll hits you with a +0 spear.
You die...

#........##
#...†....+
.#....)...#
........†..#####
###.####.......#
.. #..####.# [#
#.).....#
#...####..
#@g....'..
#.)#####.. #....
##..... #.......
#......#
.......# ......#


You could see a gnoll.

Vanquished Creatures
  2 gnolls (D:2)
  3 dart slugs (D:1)
  4 bats (D:1)
  3 endoplasms (D:1)
  A giant cockroach (D:1)
  4 hobgoblins
  2 quokkas
  6 ball pythons
  2 frilled lizards (D:1)
  2 goblins (D:1)
  5 kobolds
  3 rats (D:1)
37 creatures vanquished.

Notes
Turn   | Place    | Note
-------+----------+-------------------------------------------
     0 | D:1      | HallandMoats the Demonspawn Fighter began the quest for the
                  | Orb.
     0 | D:1      | Reached XP level 1. HP: 18/18 MP: 1/1
    51 | D:1      | Found a faded altar of an unknown god.
   147 | D:1      | Prayed at the altar of an unknown god.
   147 | D:1      | Became a worshipper of the Wu Jian Council
   147 | D:1      | Reached * piety under Wu Jian
   285 | D:1      | Gained mutation: You have a pair of small horns on your
                  | head. [demonic ancestry]
   285 | D:1      | Reached XP level 2. HP: 23/24 MP: 2/2
   530 | D:1      | Reached XP level 3. HP: 22/29 MP: 3/3
   652 | D:1      | Reached ** piety under Wu Jian
   817 | D:1      | Reached skill level 1 in Dodging
   958 | D:2      | Slain by a gnoll

Illustrated notes

Levels and vault maps discovered:
D:1:      onia_arrival_mini_spirals, layout_basic,
          ebering_ecumenical_altar_abandoned, corner_web_ring, minmay_cut_off
D:2:      layout_basic, minmay_tetromino_i4

Skill      XL: |  1  2  3 |
---------------+----------+-----
Axes           | 2 |  2.2
Armour         | 3 |  3.1
Dodging        | 1 |  1.1
Shields        | 3 |  3.0
Fighting       | |  3.3

Action                   || total
-------------------------++-------
Melee: War axe           ||    70
       Headbutt          ||     9
Invok: Lunge             ||     8
Armor: Scale mail        ||    17
Dodge: Dodged            ||    27
Block: Buckler           ||    14
